[Event "Tata Steel India Women Rapid 2024"]
[Site "Kolkata"]
[Date "2024.11.15"]
[Round "9.4"]
[White "Koneru, Humpy"]
[Black "Vaishali, Rameshbabu"]
[Result "1/2-1/2"]
[ECO "A30"]
[WhiteElo "2530"]
[BlackElo "2490"]
[Annotator "TA"]
[PlyCount "100"]
[EventDate "2024.11.06"]
[EventType "tourn"]
[EventCountry "IND"]
[SourceTitle "playchess.com"]
[Source "ChessBase"]
[SourceQuality "1"]
[TimeControl "1500+10"]

1. Nf3 c5 2. c4 Nf6 3. b3 g6 4. Bb2 Bg7 5. g3 Nc6 6. Bg2 d6 {[%emt 0:00:06] seems to push 6...0-0 aside. A30: Symmetrical English: Double Fianchetto and Hedgehog.} 7. d4 cxd4 8. Nxd4 Bd7 9. Nc3 h5 10. Nf3 $146 ({Predecessor:} 10. h3 Qa5 11. e3 Rc8 12. Qd2 O-O 13. Rd1 Rfd8 14. O-O a6 15. Rfe1 Kf8 16. Nxc6 Bxc6 {1-0 Erigaisi,A (2675)-Le,Q (2709) Chess.com Rapid Wk12 Swiss 2022 (7)}) 10... Ne4 11. Nxe4 Bxb2 12. Rb1 Qa5+ 13. Qd2 Qxd2+ 14. Kxd2 Ba3 15. e3 Bf5 16. Nh4 $1 Bd7 17. Nf3 O-O 18. Ke2 Bf5 19. Nh4 Bg4+ 20. Nf3 Bf5 21. Nh4 $1 Bg4+ 22. Nf3 $1 a6 23. h3 Bf5 24. Nh4 Bd7 25. Rbd1 Rfd8 26. Nc3 Rab8 27. Nf3 b5 28. Nd2 Kf8 29. Be4 Na5 30. Bd3 Rdc8 31. Ncb1 {[%emt 0:00:35] [#]} Bb2 $1 32. f4 Be6 33. cxb5 axb5 34. Rdf1 (34. Ne4 $17 {is a better defense.}) 34... Kg7 (34... f5 $19 35. g4 Nc6 (35... hxg4 36. hxg4 fxg4 37. Bxg6 $15) (35... fxg4 36. f5 $17) 36. gxh5 gxh5) 35. f5 $17 Bd5 36. Rhg1 {[%emt 0:00:06] [#]} (36. Nf3 $17) 36... g5 (36... Nc6 $1 $19 {Hoping for ...Ne5.} 37. e4 Nd4+ 38. Ke3 Bb7) 37. Be4 Bxe4 38. Nxe4 f6 39. Rd1 b4 (39... Rc2+ 40. Kd3 Rbc8 41. b4) 40. Rd5 (40. Nf2 $1 $11 {keeps the balance.}) 40... Nc6 $17 41. Nbd2 (41. Rd2 $142 Ba1 42. Na3) 41... Ne5 $17 42. Rb1 Ba3 (42... Rc2 $17 {aiming for ...Rbc8.} 43. Kd1 Rbc8) 43. Nf3 $1 $15 Rc2+ ({Black should try} 43... Nxf3 $1 $15 44. Kxf3 Rc2) 44. Rd2 $11 Rbc8 45. Nd4 Rc1 (45... Rxd2+ $11 46. Kxd2 Kf7) 46. Rxc1 $1 $14 Rxc1 47. Rd1 Rc8 48. Rd2 Rc1 $1 49. Rd1 (49. Rc2 $1 $14) 49... Rc8 $11 50. Rd2 ({Better is} 50. h4 $11) 50... Rc1 $1 1/2-1/2

[Event "Tata Steel India Women Rapid 2024"]
[Site "Kolkata"]
[Date "2024.11.15"]
[Round "9.5"]
[White "Lagno, Kateryna"]
[Black "Dronavalli, Harika"]
[Result "1-0"]
[ECO "C11"]
[WhiteElo "2527"]
[BlackElo "2493"]
[Annotator "TA"]
[PlyCount "99"]
[EventDate "2024.11.06"]
[EventType "tourn"]
[EventCountry "IND"]
[SourceTitle "playchess.com"]
[Source "ChessBase"]
[SourceQuality "1"]
[TimeControl "1500+10"]

1. e4 e6 2. Nf3 d5 3. Nc3 Nf6 4. e5 Nfd7 5. d4 c5 6. Ne2 Nc6 {[%emt 0:00:11] The main line 6...Nc6 scores better than 6...cxd4.} 7. c3 Be7 8. a3 {[%emt 0:00:09] C11: French: Classical System: 4 e5 and 4 Bg5 dxe4.} O-O 9. b4 cxd4 10. cxd4 f6 11. Nf4 Ndxe5 12. dxe5 fxe5 13. Ne2 e4 14. Nfd4 e5 $146 ({Predecessor:} 14... Nxd4 15. Nxd4 e5 16. Nb3 Qb6 17. Ra2 d4 18. Bc4+ Kh8 19. O-O Qg6 20. Re1 Bg4 {0-1 Fernandez Guillen,E (2466)-Bluebaum,M (2663) Titled Tuesday intern op 07th Feb Late blitz 2023 (3)}) 15. Nxc6 bxc6 16. Ng3 a5 17. b5 Bc5 18. Be3 Bxe3 19. fxe3 cxb5 20. Bxb5 Be6 21. a4 Qg5 22. Qd2 Rac8 23. Rf1 Qh4 24. Rxf8+ Rxf8 25. O-O-O (25. Qxa5 $2 Qxh2 26. Nf1 Qxg2 $17) 25... Qxh2 26. Nf1 Qg1 27. Kb1 h5 28. Qb2 Bg4 29. Rc1 d4 30. exd4 exd4 31. Nd2 Qe3 32. Nc4 (32. Qb3+ Qxb3+ 33. Nxb3 d3 34. Bc4+ Kh8 $15) 32... Qd3+ 33. Ka1 (33. Qc2 Rf2 34. Qxd3 exd3 $11) 33... e3 $2 (33... Be6 $1 $11 {and Black is okay.}) 34. Ne5 $1 $18 Qe4 $2 (34... Qd2 {is tougher.} 35. Nxg4 Qxb2+ (35... hxg4 36. Qb3+ Kh7 37. Rh1+ Kg6 38. Bd3+ Kf6 39. Rf1+ Ke7 40. Qb7+ Kd6 41. Qb6+ Kd5 42. Qb3+ Kd6 43. Rxf8 $18) 36. Kxb2 hxg4) 35. Bc4+ Kh8 36. Nf7+ $2 (36. Qa3 $18 Rf5 37. Ng6+ (37. Nxg4 e2 $16) 37... Kh7 38. Bd3) 36... Rxf7 $1 $11 37. Bxf7 d3 $2 (37... e2 $11 38. Qb8+ Kh7 39. Qg8+ Kh6 40. Qh8+ Kg5 41. Qd8+ (41. Qxg7+ $2 Kh4 $19) 41... Kf5 (41... Kf4 42. Qc7+ Kg5 43. Qxa5+ Kf6 44. Bc4 $16) 42. Qxa5+ Kf6) 38. Qb8+ Kh7 39. Qg8+ Kh6 40. Qh8+ Kg5 {[%emt 0:00:03] [#]} 41. Qxg7+ $2 (41. Qd8+ $1 $18 Kh6 42. Rc4 (42. Qxa5 $2 d2 $19) (42. Qh8+ Kg5 $18) 42... Qe5+ 43. Ka2) 41... Kh4 $11 42. Qf6+ (42. Rc4 Qe7 43. Qg6 Qe5+ 44. Ka2 d2 $17) 42... Kg3 43. Qd6+ (43. Rc4 $5 Qf5 $8 44. Qd6+ Kxg2 45. Bd5+ Bf3 46. Bxf3+ Qxf3 47. Qg6+ (47. Qxd3 e2 $11) 47... Kf2 48. Rc1 $11 (48. Qxd3 e2 $11)) 43... Kf2 $1 (43... Kxg2 44. Bd5) 44. Rc4 Qxc4 $4 (44... Qxg2 $11 45. Qxd3 Qf1+ 46. Qxf1+ Kxf1 47. Rf4+ Kg2) 45. Bxc4 e2 46. Qf4+ (46. Qxd3 $2 e1=Q+ (46... e1=B 47. Qf1+ Ke3 48. Qxe1+ Kd4 49. Bb5 Kd5 50. Qxa5 Ke6 51. Qd8) 47. Kb2 Qe2+ (47... Kxg2 48. Qd5+ Bf3 49. Qg5+ Kh1 50. Qf5 $17) 48. Qxe2+ Bxe2 $19) 46... Kg1 47. Qe3+ (47. Bxd3 e1=Q+ (47... e1=B 48. Qf1+ Kh2 49. Qxe1 Kxg2 50. Be4+ Kh3 51. Qc3+ Kh4 52. Qxa5) 48. Kb2 Qf2+ (48... Kxg2 49. Bc2 $17) 49. Qxf2+ Kxf2 $19) 47... Kf1 48. Bxd3 h4 49. Bxe2+ Bxe2 50. Qf4+ 1-0